 Dungeon Crawl Stone Soup version 0.31-a0-851-g7ff8af7976 (webtiles) character file.

Game seed: 9773056412144985323

53 avis the Ducker (level 3, 15/15 HPs)
             Began as a Felid Shapeshifter on Oct 6, 2023.
             Got out of the dungeon alive.
             The game lasted 00:05:45 (1192 turns).

avis the Ducker (Felid Shapeshifter)                Turns: 1192, Time: 00:05:46

Health: 15/15      AC:  1    Str: 12    XL:     3   Next: 62%
Magic:  4/4        EV: 19    Int: 11    God:
Gold:   52         SH:  0    Dex: 15    Spells: 2/2 levels left
                                        Lives:  0   Deaths: 1

rFire   . .          .
                       - Unarmed
rCold   . . .        (shield unavailable)
rNeg    . . .        (body armour unavailable)
rPois   .            (helmet unavailable)
rElec   .            (cloak unavailable)
rCorr   .            (gloves unavailable)
SInv    +            (boots unavailable)
Will    .....        (no amulet)
Stlth   +            (no ring)
HPRegen 0.22/turn    (no ring)
MPRegen 0.09/turn

%: no passive effects
@: beast-form, quick
A: beast (slay +2), very small, claws 1, fangs 3, see invisible, speed 1, shaggy
fur 1, stealthy paws, no weapons or thrown items, no armour, multi-lived
a: Begin Untransformation


You escaped.
You were a hulking beast.
You visited 1 branch of the dungeon, and saw 2 of its levels.

You collected 122 gold pieces.
You spent 70 gold pieces at shops.

Inventory:

Talismans
 b - a beast talisman (active)
 c - a flux talisman
Wands
 k - a wand of digging (4)
Scrolls
 e - 2 scrolls of poison {unknown}
 g - a scroll of silence {unknown}
 i - 3 scrolls of identify
 j - a scroll of teleportation
Potions
 a - a potion of lignification
 d - a potion of degeneration {unknown}
 f - a potion of mutation {unknown}
 h - a potion of heal wounds {unknown}


   Skills:
 - Level 1.0 Fighting
 * Level 5.2 Dodging
 - Level 3.0 Unarmed Combat
 - Level 3.5 Shapeshifting


You had 2 spell levels left.
You didn't know any spells.
Your spell library contained the following spells:

 Spells                   Type           Power      Damage    Failure   Level
 Apportation              Tloc           0%         N/A       34%         1
 Necrotise                Necr           0%         1d4       34%         1
 Summon Small Mammal      Summ           0%         N/A       34%         1


Dungeon Overview and Level Annotations

Branches:
Dungeon (2/15)

Altars:

Shops:
D:1 ?


Innate Abilities, Weirdness & Mutations

You are a hulking beast.
Your limbs bulge with bestial killing power. (Slay +2)
You have sharp claws.
You have razor-sharp teeth.
You have supernaturally acute eyesight. (SInv)
You cover ground quickly. (Speed+)
You are covered in fur. (AC +1)
Your paws help you pounce on unaware monsters.
You are incapable of wielding weapons or throwing items.
You cannot wear armour.
You gain extra lives every three experience levels.


Message History

An adder comes into view.
Found a runed hat.
The adder hisses angrily.
You closely miss the adder. The adder barely misses you.
You scratch the adder.
The adder is heavily wounded.
The adder completely misses you. The adder bites you.
You are poisoned.
The adder poisons you!
You closely miss the adder.
The adder is heavily wounded.
You feel sick. The adder misses you.
You barely miss the adder. Your bite misses the adder.
The adder is heavily wounded.
The adder bites you.
You are lethally poisoned!
The adder poisons you!
You barely miss the adder.
The adder is heavily wounded.
You feel very sick. The adder closely misses you.
Okay, then.
You scratch the adder but do no damage.
The adder is heavily wounded.
* * * LOW HITPOINT WARNING * * *
You feel sick. The adder completely misses you.
You closely miss the adder. You bite the adder.
The adder is almost dead.
* * * LOW HITPOINT WARNING * * *
You feel sick. The adder barely misses you. The adder bites you.
You die...
Your shape twists and changes as you die.
You rejoin the land of the living...
Found 13 gold pieces.
A bat comes into view.
There is a stone staircase leading up here.
You climb upwards.
There is a stone staircase leading down here.
There is a staircase leading out of the dungeon here.
You have escaped!

#.# #......#
#.###########.####.#
#.............####.########
#.........................#
#.P~~~~~~≈~P...P≈~~≈~~~~P.#
##.~~≈~~~~~≈~...~≈≈~~~~≈≈~.#
#..≈~~~~~~≈~~...~~≈~~~~≈~~.##
#..P~≈≈~~~~~.....~~~≈~≈~~P..#
#.............h....(........#
#..P~≈~~~~~~.....~~~~~~~~P..#
###..~≈≈~~~~≈≈~...~≈≈~~~~≈≈~..#
.....~≈≈~~~~≈~~...~~~~~~~≈≈~..#
####.P~≈≈≈≈~~~P...P~~~~~~~~P..#
# #..........................#
# ##.#####..##.#.######...#..#
#####.#####.###.#.# ###.#.##
.............[#.#.# #.#.####


There were no monsters in sight!

Vanquished Creatures
  An adder (D:2)
  A worm (D:2)
  2 dart slugs
  2 endoplasms
  A giant cockroach (D:1)
  5 hobgoblins
  5 kobolds (D:1)
  2 quokkas (D:1)
  5 ball pythons
  4 bats
  3 frilled lizards
  4 goblins
  A rat (D:1)
36 creatures vanquished.

Notes
Turn   | Place    | Note
-------+----------+-------------------------------------------
     0 | D:1      | avis the Felid Shapeshifter began the quest for the Orb.
     0 | D:1      | Reached XP level 1. HP: 9/9 MP: 2/2
    68 | D:1      | Reached skill level 3 in Dodging
   306 | D:1      | Reached XP level 2. HP: 11/12 MP: 3/3
   604 | D:1      | Reached skill level 4 in Dodging
   640 | D:1      | Found The Oracle's Delphic Readings.
   659 | D:1      | Bought a scroll of identify for 20 gold pieces
   659 | D:1      | Bought a scroll of identify for 20 gold pieces
   659 | D:1      | Bought a scroll of teleportation for 30 gold pieces
   924 | D:2      | Reached XP level 3. HP: 15/15 MP: 4/4
   955 | D:2      | Reached skill level 5 in Dodging
  1122 | D:2      | Slain by an adder
  1192 | D:$      | Got out of the dungeon alive.

Illustrated notes

Levels and vault maps discovered:
D:1:      giann_bridges, layout_loops_ring, nicolae_nh_oracle_at_delphi
D:2:      layout_loops_ring, serial_aquarium, aquarium_bridge_straight
          [aquarium_subvault_bridge, aquarium_subvault_balcony,
          aquarium_subvault_bridge, aquarium_subvault_wall], aquarium_window_1,
          aquarium_window_1, aquarium_view_2c, aquarium_view_2c,
          aquarium_balcony_3b, aquarium_pool_five, palyth_stone_intersect,
          minmay_misc_feat_columns, kennysheep_cross_room, grunt_ministairs_14

Skill      XL: |  1  2  3 |
---------------+----------+-----
Dodging        | 3 4 5 |  5.2
Fighting       | |  1.0
Unarmed Combat | |  3.0
Shapeshifting  | |  3.5

Action                     || total
---------------------------++-------
  Melee: Unarmed           ||    93
         Bite              ||     8
         Punch             ||     1
 Armour: Skin              ||    16
  Dodge: Dodged            ||    62

Table legend: (Time is in decaauts)
 A = Elapsed time spent in this place.
 B = Non-inter-level travel time spent in this place.
 C = Inter-level travel time spent in this place.
 D = Time resting spent in this place.
 E = Time spent auto-exploring this place.
 F = Levels seen in this place.
 G = Mean time per level.
                   A        B        C        D        E       F      G
               +--------+--------+--------+--------+--------+-----+--------+
         Total |    989 |    818 |    171 |     51 |    491 |   2 |  494.5 |
       Dungeon |    989 |    818 |    171 |     51 |    491 |   2 |  494.5 |
               +--------+--------+--------+--------+--------+-----+--------+

Top non-repeatable levels by time:
     D:1: 775 daAuts
     D:2: 214 daAuts
